TOP OF THE 1ST |
Detroit Red Wings batting - Pitching for London Majors : LHP Antoine Herndon
|
Pitching: LHP Antoine Herndon
|
|
Batting: RHB Norm Wood
|
0-0: Ball 1-0: Called Strike 1-1: Ball 2-1: Ball 3-1: Ground out 5-3 (Groundball, 56, EV 87.5 MPH)
|
Batting: RHB Yankel Pensak
|
0-0: Ball 1-0: Swinging Strike 1-1: Foul Ball, location: 2F 1-2: Ball 2-2: Ground out 4-3 (Groundball, 4D, EV 101.9 MPH)
|
Batting: RHB Cody Kafer
|
0-0: Ball 1-0: Fly out, F3 (Popup, 23F, EV 91.2 MPH)
|
Top of the 1st over - 0 runs, 0 hits, 0 errors, 0 left on base; Detroit 0 - London 0 |
BOTTOM OF THE 1ST |
London Majors batting - Pitching for Detroit Red Wings : LHP Ricky Herrera
|
Pitching: LHP Ricky Herrera
|
|
Batting: LHB Nate Greening
|
0-0: Called Strike 0-1: Ball 1-1: Ball 2-1: SINGLE (Line Drive, 4MD, EV 96.2 MPH)
|
Batting: LHB Ron de Vos
|
0-0: Called Strike 0-1: Ball 1-1: Ball 2-1: SINGLE (Groundball, 34, EV 101.2 MPH) Nate Greening to second Runner from 2nd tries for 3rd, SAFE, throw by RF made to third
|
Batting: RHB Mark Noftall
|
0-0: Ball 1-0: Swinging Strike 1-1: Foul Ball, location: 2F 1-2: Grounds into double play, 4-6-3 (Groundball, 34, EV 82.5 MPH) Nate Greening scores
|
Batting: RHB Brandon Williams
|
0-0: Ball 1-0: Ball 2-0: Ball 3-0: Called Strike 3-1: Called Strike 3-2: Ground out 6-3 (Groundball, 6, EV 106.9 MPH)
|
Bottom of the 1st over - 1 run, 2 hits, 0 errors, 0 left on base; Detroit 0 - London 1 |
TOP OF THE 2ND |
Detroit Red Wings batting - Pitching for London Majors : LHP Antoine Herndon
|
Batting: RHB Jorge Lebron
|
0-0: Ball 1-0: Ball 2-0: Called Strike 2-1: Fly out, F6 (Line Drive, 6M, EV 70.6 MPH)
|
Batting: SHB Isaiah Bias
|
0-0: Ball 1-0: Ground out 3-1 (Groundball, 34S, EV 86.9 MPH)
|
Batting: RHB António Scarlett
|
0-0: Ball 1-0: Ball 2-0: Ball 3-0: Called Strike 3-1: Swinging Strike 3-2: Foul Ball, location: 2F 3-2: Base on Balls
|
Batting: SHB Franklin Garza
|
0-0: Ball 1-0: Ball 2-0: Ball 3-0: Called Strike 3-1: Ground out U3 (Groundball, 3, EV 88.8 MPH)
|
Top of the 2nd over - 0 runs, 0 hits, 0 errors, 1 left on base; Detroit 0 - London 1 |
BOTTOM OF THE 2ND |
London Majors batting - Pitching for Detroit Red Wings : LHP Ricky Herrera
|
Batting: RHB Lao-che Zhu
|
0-0: Called Strike 0-1: Ball 1-1: Ball 2-1: Ball 3-1: Fly out, F2 (Popup, 15S, EV 90.6 MPH)
|
Batting: RHB Hanley Hernandez
|
0-0: Ball 1-0: Ball 2-0: Ball 3-0: Base on Balls
|
Batting: RHB Benedikt Fleischmann
|
0-0: Called Strike 0-1: Called Strike 0-2: Ball 1-2: Ball 2-2: Foul Ball, location: 2F 2-2: Foul Ball, location: 2F 2-2: Foul Ball, location: 2F 2-2: Foul Ball, location: 2F 2-2: 2-RUN HOME RUN (Flyball, 78XD, EV 105.0 MPH), Distance : 407 ft
|
Batting: RHB Jorge Alva
|
0-0: Ball 1-0: Called Strike 1-1: Foul Ball, location: 2F 1-2: Strikes out swinging
|
Batting: RHB Joy-shan Li
|
0-0: Swinging Strike 0-1: Ball 1-1: Ball 2-1: Ball 3-1: Foul Ball, location: 2F 3-2: Foul Ball, location: 2F 3-2: Strikes out looking
|
Bottom of the 2nd over - 2 runs, 1 hit, 0 errors, 0 left on base; Detroit 0 - London 3 |
TOP OF THE 3RD |
Detroit Red Wings batting - Pitching for London Majors : LHP Antoine Herndon
|
Batting: SHB Salvador Lacosta
|
0-0: Swinging Strike 0-1: Ball 1-1: Foul Ball, location: 2F 1-2: Strikes out swinging
|
Batting: LHB Duda Pinho
|
0-0: Called Strike 0-1: Foul Ball, location: 2F 0-2: Fly out, F9 (Flyball, 9S, EV 82.5 MPH)
|
Batting: RHB Norm Wood
|
0-0: Ground out 5-3 (Groundball, 56, EV 100.6 MPH)
|
Top of the 3rd over - 0 runs, 0 hits, 0 errors, 0 left on base; Detroit 0 - London 3 |
BOTTOM OF THE 3RD |
London Majors batting - Pitching for Detroit Red Wings : LHP Ricky Herrera
|
Batting: LHB Nate Greening
|
0-0: Called Strike 0-1: Ball 1-1: Swinging Strike 1-2: Strikes out swinging
|
Batting: LHB Ron de Vos
|
0-0: Called Strike 0-1: Ball 1-1: Ground out 3-1 (Groundball, 34, EV 87.5 MPH)
|
Batting: RHB Mark Noftall
|
0-0: Called Strike 0-1: Foul Ball, location: 2F 0-2: Ball 1-2: Ball 2-2: Ball 3-2: Ground out 6-3 (Groundball, 6, EV 80.0 MPH)
|
Bottom of the 3rd over - 0 runs, 0 hits, 0 errors, 0 left on base; Detroit 0 - London 3 |
TOP OF THE 4TH |
Detroit Red Wings batting - Pitching for London Majors : LHP Antoine Herndon
|
Batting: RHB Yankel Pensak
|
0-0: Ball 1-0: Called Strike 1-1: Swinging Strike 1-2: Strikes out looking
|
Batting: RHB Cody Kafer
|
0-0: Called Strike 0-1: Foul Ball, location: 2F 0-2: Ball 1-2: Ball 2-2: Ball 3-2: Strikes out swinging
|
Batting: RHB Jorge Lebron
|
0-0: Called Strike 0-1: Ball 1-1: Foul Ball, location: 2F 1-2: Strikes out swinging
|
Top of the 4th over - 0 runs, 0 hits, 0 errors, 0 left on base; Detroit 0 - London 3 |
BOTTOM OF THE 4TH |
London Majors batting - Pitching for Detroit Red Wings : LHP Ricky Herrera
|
Batting: RHB Brandon Williams
|
0-0: Foul Ball, location: 2F 0-1: Foul Ball, location: 2F 0-2: Foul Ball, location: 2F 0-2: Foul Ball, location: 2F 0-2: Foul Ball, location: 2F 0-2: Ground out 5-3 (Groundball, 5L, EV 83.8 MPH)
|
Batting: RHB Lao-che Zhu
|
0-0: Ball 1-0: Ball 2-0: Called Strike 2-1: Swinging Strike 2-2: SINGLE (Groundball, 6D, EV 98.8 MPH)
|
Batting: RHB Hanley Hernandez
|
0-0: Foul Ball, location: 2F 0-1: Ball 1-1: Swinging Strike 1-2: Fielders Choice at 2nd, 6-4 (Groundball, 6, EV 80.6 MPH)
|
Batting: RHB Benedikt Fleischmann
|
0-0: Fly out, F4 (Popup, 4S, EV 81.2 MPH)
|
Bottom of the 4th over - 0 runs, 1 hit, 0 errors, 1 left on base; Detroit 0 - London 3 |
TOP OF THE 5TH |
Detroit Red Wings batting - Pitching for London Majors : LHP Antoine Herndon
|
Batting: SHB Isaiah Bias
|
0-0: Ball 1-0: Called Strike 1-1: Fly out, F7 (Flyball, 7, EV 93.1 MPH)
|
Batting: RHB António Scarlett
|
0-0: Fly out, F8 (Line Drive, 8RD, EV 85.0 MPH)
|
Batting: SHB Franklin Garza
|
0-0: Called Strike 0-1: Fly out, F8 (Flyball, 8RD, EV 101.9 MPH)
|
Top of the 5th over - 0 runs, 0 hits, 0 errors, 0 left on base; Detroit 0 - London 3 |
BOTTOM OF THE 5TH |
London Majors batting - Pitching for Detroit Red Wings : LHP Ricky Herrera
|
Batting: RHB Jorge Alva
|
0-0: Foul Ball, location: 2F 0-1: Ball 1-1: Fly out, F8 (Flyball, 8LD, EV 100.6 MPH)
|
Batting: RHB Joy-shan Li
|
0-0: Ball 1-0: Ball 2-0: Swinging Strike 2-1: Called Strike 2-2: Strikes out looking
|
Batting: LHB Nate Greening
|
0-0: Called Strike 0-1: Hit by Pitch
|
Batting: LHB Ron de Vos
|
0-0: Fly out, F8 (Flyball, 8LD, EV 103.8 MPH)
|
Bottom of the 5th over - 0 runs, 0 hits, 0 errors, 1 left on base; Detroit 0 - London 3 |
TOP OF THE 6TH |
Detroit Red Wings batting - Pitching for London Majors : LHP Antoine Herndon
|
Batting: SHB Salvador Lacosta
|
0-0: Reached on error, E1 (Groundball, 13, EV 73.8 MPH)
|
Batting: LHB Duda Pinho
|
0-0: Called Strike 0-1: Foul Ball, location: 2F 0-2: Strikes out swinging
|
Batting: RHB Norm Wood
|
0-0: Foul Ball, location: 2F 0-1: Ball 1-1: Ball 2-1: Called Strike 2-2: Strikes out swinging
|
Batting: RHB Yankel Pensak
|
0-0: Ball 1-0: Fly out, F9 (Flyball, 9, EV 98.1 MPH)
|
Top of the 6th over - 0 runs, 0 hits, 1 error, 1 left on base; Detroit 0 - London 3 |
BOTTOM OF THE 6TH |
London Majors batting - Pitching for Detroit Red Wings : LHP Ricky Herrera
|
Batting: RHB Mark Noftall
|
0-0: Ball 1-0: Ball 2-0: Ball 3-0: Called Strike 3-1: Base on Balls
|
Batting: RHB Brandon Williams
|
0-0: Swinging Strike 0-1: Ball 1-1: Ball 2-1: Ball 3-1: Foul Ball, location: 2F 3-2: Base on Balls Mark Noftall to second
|
Batting: RHB Lao-che Zhu
|
0-0: Fly out, F7 (Flyball, 7S, EV 77.5 MPH)
|
Batting: RHB Hanley Hernandez
|
0-0: Ball 1-0: Ball 2-0: Swinging Strike 2-1: Ball 3-1: Called Strike 3-2: Fielders Choice at 2nd, 6-4 (Groundball, 6, EV 98.8 MPH) Mark Noftall to third
|
Pitching: RHP Chris Wilkerson
|
|
Batting: RHB Benedikt Fleischmann
|
0-0: Called Strike 0-1: Ball 1-1: Fielders Choice at 2nd, 6-4 (Groundball, 6, EV 105.0 MPH)
|
Bottom of the 6th over - 0 runs, 0 hits, 0 errors, 2 left on base; Detroit 0 - London 3 |
TOP OF THE 7TH |
Detroit Red Wings batting - Pitching for London Majors : LHP Antoine Herndon
|
Batting: RHB Cody Kafer
|
0-0: Ball 1-0: Foul Ball, location: 2F 1-1: Called Strike 1-2: Ball 2-2: Foul Ball, location: 2F 2-2: Strikes out swinging
|
Batting: RHB Jorge Lebron
|
0-0: Called Strike 0-1: Ball 1-1: Swinging Strike 1-2: Strikes out swinging
|
Batting: SHB Isaiah Bias
|
0-0: Called Strike 0-1: Ball 1-1: Swinging Strike 1-2: SINGLE (Groundball, 4MD, EV 97.5 MPH)
|
Batting: RHB António Scarlett
|
0-0: Called Strike 0-1: Ball 1-1: Swinging Strike 1-2: Ball 2-2: Foul Ball, location: 2F 2-2: Ball 3-2: Foul Ball, location: 2F 3-2: Strikes out looking
|
Top of the 7th over - 0 runs, 1 hit, 0 errors, 1 left on base; Detroit 0 - London 3 |
BOTTOM OF THE 7TH |
London Majors batting - Pitching for Detroit Red Wings : RHP Chris Wilkerson
|
Pinch Hitting: RHB Manny Elizondo
|
0-0: Swinging Strike 0-1: Called Strike 0-2: Ball 1-2: Strikes out swinging
|
Batting: RHB Joy-shan Li
|
0-0: Ball 1-0: Foul Ball, location: 2F 1-1: Ball 2-1: Foul Ball, location: 2F 2-2: Strikes out swinging
|
Batting: LHB Nate Greening
|
0-0: Ball 1-0: Ball 2-0: Swinging Strike 2-1: Called Strike 2-2: Foul Ball, location: 2F 2-2: Strikes out swinging
|
Bottom of the 7th over - 0 runs, 0 hits, 0 errors, 0 left on base; Detroit 0 - London 3 |
TOP OF THE 8TH |
Detroit Red Wings batting - Pitching for London Majors : LHP Antoine Herndon
|
Now in LF: Manny Elizondo
|
|
Now in CF: Ron de Vos
|
|
Batting: SHB Franklin Garza
|
0-0: Ball 1-0: Foul Ball, location: 2F 1-1: Ball 2-1: Ball 3-1: Foul Ball, location: 2F 3-2: Base on Balls
|
Batting: SHB Salvador Lacosta
|
0-0: Called Strike 0-1: Fly out, F7 (Flyball, 7S, EV 93.1 MPH)
|
Batting: LHB Duda Pinho
|
0-0: Called Strike 0-1: Ball 1-1: Foul Ball, location: 2F 1-2: Fielders Choice at 2nd, 4-6 (Groundball, 4, EV 95.0 MPH)
|
Batting: RHB Norm Wood
|
0-0: SINGLE (Groundball, 6MD, EV 97.5 MPH) Duda Pinho to second Runner from 2nd tries for 3rd, OUT! 8-5
|
Top of the 8th over - 0 runs, 1 hit, 0 errors, 1 left on base; Detroit 0 - London 3 |
BOTTOM OF THE 8TH |
London Majors batting - Pitching for Detroit Red Wings : RHP Chris Wilkerson
|
Pitching: RHP Malcolm Holz
|
|
Batting: LHB Ron de Vos
|
0-0: Ball 1-0: Ball 2-0: Ball 3-0: Called Strike 3-1: Foul Ball, location: 2F 3-2: Ground out 4-3 (Groundball, 4, EV 83.8 MPH)
|
Batting: RHB Mark Noftall
|
0-0: Called Strike 0-1: Ground out 6-3 (Groundball, 6, EV 110.0 MPH)
|
Batting: RHB Brandon Williams
|
0-0: Ball 1-0: Ball 2-0: Ball 3-0: Called Strike 3-1: Base on Balls
|
Batting: RHB Lao-che Zhu
|
0-0: Ball 1-0: Ball 2-0: Swinging Strike 2-1: Swinging Strike 2-2: Foul Ball, location: 2F 2-2: Strikes out swinging
|
Bottom of the 8th over - 0 runs, 0 hits, 0 errors, 1 left on base; Detroit 0 - London 3 |
TOP OF THE 9TH |
Detroit Red Wings batting - Pitching for London Majors : LHP Antoine Herndon
|
Pitching: RHP Andrew Dopp
|
|
Batting: RHB Yankel Pensak
|
0-0: Called Strike 0-1: Ball 1-1: Swinging Strike 1-2: Ball 2-2: Ball 3-2: Strikes out swinging
|
Pinch Hitting: RHB Juan Perez
|
0-0: SINGLE (Groundball, 6MD, EV 95.6 MPH)
|
Batting: RHB Jorge Lebron
|
0-0: Ball 1-0: Ball 2-0: Foul Ball, location: 2F 2-1: Grounds into double play, 4-6-3 (Groundball, 4M, EV 84.4 MPH)
|
Top of the 9th over - 0 runs, 1 hit, 0 errors, 0 left on base; Detroit 0 - London 3 |
|